 Dungeon Crawl Stone Soup version 0.29-a0-870-g2c972031a6 (webtiles) character file.

Game seed: 13685485292503158456

8681 scionoferis the Frost Mage (level 11, 79/79 HPs)
             Began as a Demonspawn Ice Elementalist on July 17, 2022.
             Was a Priest of Vehumet.
             Got out of the dungeon alive.
             The game lasted 00:46:19 (12384 turns).

scionoferis the Frost Mage (DsIE)                  Turns: 12384, Time: 00:46:19

Health: 79/79      AC: 13    Str:  8    XL:     11   Next: 13%
Magic:  21/21      EV: 13    Int: 21    God:    Vehumet [***...]
Gold:   993        SH: 11    Dex: 12    Spells: 13/24 levels left

rFire   x . .      SeeInvis .   b - +3 sling "Rouroimi" {venom, +Blink rElec rPois Dex-2}
rCold   + . .      Faith    .   n - +2 buckler
rNeg    . . .      Spirit   .   R - +0 steam dragon scales
rPois   +          Reflect  +   w - +2 helmet
rElec   +          Harm     .   P - +0 cloak
rCorr   .          Rampage  .   Y - +0 pair of gloves
Will    .....                   (boots unavailable)
Stlth   ++........              l - amulet of reflection
HPRegen 0.23/turn               v - ring of ice
MPRegen 0.17/turn               (no ring)

@: no status effects
A: hooves 3, icy blue scales 2, powered by pain 1, spiny 1
a: Renounce Religion, Evoke Blink


You escaped.
You worshipped Vehumet.
Vehumet was most pleased with you.
You visited 2 branches of the dungeon, and saw 11 of its levels.

You collected 993 gold pieces.

Inventory:

Hand Weapons
 a - the +5 whip "Ychut" {vorpal, rCorr MP+9}
   (You took it off an orc on level 3 of the Dungeon)

   It inflicts extra damage upon your enemies.
   MP:        It affects your magic capacity (+9).
   rCorr:     It protects you from acid and corrosion.
 b - the +3 sling "Rouroimi" (weapon) {venom, +Blink rElec rPois Dex-2}
   (You found it on level 8 of the Dungeon)

   Any ammunition fired from it poisons the flesh of those it strikes.
   Dex:       It affects your dexterity (-2).
   rElec:     It insulates you from electricity.
   rPois:     It protects you from poison.
   +Blink:    It lets you blink.
 p - a +0 rapier
 O - a +4 dagger of draining
 U - a +0 arbalest
 X - a +0 long sword of flaming
Missiles
 c - 3 curare-tipped darts
 G - 24 poisoned darts
 S - 2 boomerangs of dispersal
Armour
 n - a +2 buckler (worn)
 w - a +2 helmet (worn)
 P - a +0 cloak (worn)
 R - +0 steam dragon scales (worn)
 T - a +2 ring mail of fire resistance
 Y - a +0 pair of gloves (worn)
Magical Staves
 g - a staff of death
Jewellery
 l - an amulet of reflection (around neck)
 t - an amulet of magic regeneration
 v - a ring of ice (left hand)
Wands
 I - a wand of charming (7)
 Z - a wand of iceblast (9)
Scrolls
 d - a scroll of silence
 f - 3 scrolls of magic mapping
 h - 10 scrolls of teleportation
 j - 2 scrolls of fear
 o - 2 scrolls of torment
 u - a scroll of enchant armour
 x - 2 scrolls of identify
Potions
 e - a potion of berserk rage {unknown}
 i - a potion of attraction {unknown}
 k - 2 potions of degeneration {unknown}
 m - 5 potions of curing
 q - 2 potions of haste
 r - 2 potions of heal wounds
 s - 4 potions of flight
 A - a potion of brilliance {unknown}
 B - a potion of magic
 C - a potion of mutation
 D - a potion of lignification


   Skills:
 - Level 5.0 Fighting
 - Level 5.0 Dodging
 - Level 4.0 Stealth
 + Level 2.5 Shields
 + Level 7.3 Spellcasting
 + Level 7.4 Conjurations
 * Level 10.4 Ice Magic


You had 13 spell levels left.
You knew the following spells:

 Your Spells              Type           Power      Damage    Failure   Level
a - Freeze                Ice            100%       1d11      1%          1
b - Frozen Ramparts       Ice            100%       1d12      1%          3
c - Ozocubu's Armour      Ice            67%        N/A       1%          3
d - Hailstorm             Conj/Ice       61%        3d13      1%          4

Your spell library contained the following spells:

 Spells                   Type           Power      Damage    Failure   Level
 Conjure Flame            Conj/Fire      23%        6-21      2%          3
 Dazzling Flash           Conj/Hex       46%        N/A       2%          3
 Slow                     Hex            28%        N/A       12%         1
 Summon Small Mammal      Summ           28%        N/A       12%         1
 Call Canine Familiar     Summ           7%         N/A       34%         3
 Confusing Touch          Hex            7%         N/A       34%         3
 Spider Form              Tmut/Pois      7%         N/A       34%         3
 Summon Guardian Golem    Hex/Summ       7%         N/A       34%         3
 Vampiric Draining        Necr           7%         2d6       34%         3
 Yara's Violent Unravell  Hex/Tmut       3%         3d4       58%         5
 Summon Lightning Spire   Summ/Air       7%         N/A       75%         4
 Simulacrum               Ice/Necr       22%        N/A       90%         6
 Agony                    Necr           7%         N/A       97%         5
 Silence                  Hex/Air        3%         N/A       97%         5
 Enfeeble                 Hex            3%         N/A       100%        7
 Storm Form               Tmut/Air       3%         N/A       100%        7
 Maxwell's Capacitive Co  Air            3%         ∞         100%        8
 Polar Vortex             Ice            33%        N/A       100%        9


Dungeon Overview and Level Annotations

Branches:
Dungeon (10/15)            Temple (1/1) D:4            Lair (0/5) D:9
    Orc (0/2) D:10

Altars:
Ashenzari
Cheibriados
Dithmenos
Fedhas
Gozag
Kikubaaqudgha
Makhleb
Nemelex Xobeh
Okawaru
Qazlal
Ru
Sif Muna
Trog
Uskayaw
Vehumet
Wu Jian
Xom
Yredelemnul

Shops:
D:1 (   D:5 !   D:8 !


Innate Abilities, Weirdness & Mutations

You have hooves in place of feet.
You are mostly covered in icy blue scales. (AC +3)
You sometimes gain a little power by taking damage.
You are partially covered in sharp spines.


Message History

There is a stone staircase leading down here.
There is an open door here.
You open the door.
There is an open door here.
Your extra speed is starting to run out.
You feel yourself slow down.
There is a stone staircase leading up here.
You climb upwards.
There is a stone staircase leading down here.
You see here a +0 whip.
There is a stone staircase leading up here.
You climb upwards.
There is a stone staircase leading down here.
There is a stone staircase leading up here.
You climb upwards.
There is a stone staircase leading down here.
There is a stone staircase leading up here.
You climb upwards.
There is a stone staircase leading down here.
There is a stone staircase leading up here.
You see here a +0 hand axe.
You climb upwards.
There is a stone staircase leading down here.
There is an open door here.
There is a stone staircase leading up here.
You climb upwards.
There is a stone staircase leading down here.
There is a stone staircase leading up here.
You climb upwards.
There is a stone staircase leading down here.
You see here 4 stones.
There is a stone staircase leading up here.
You climb upwards.
There is a stone staircase leading down here.
(D) Dungeon (T) Temple (L) Lair (O) Orcish Mines
Where to? (Enter - D:1, ? - help)
Okay, then.
There is a staircase leading out of the dungeon here.
Are you sure you want to leave the Dungeon?
This will make you lose the game!
You have escaped!

#..##....######.###...##.#.##∩#..
....#.........#.# #...##.#.##.#..
#..##..##.....#####......#.......
#..##..##......###.......#.##....
#..##.....###...##...#####.##....
#..##....## #.......## #.#.......
#..######## ##......# #.#.##....
..........# #.....#####.........
..........# ###@..#.....#.##..#.
#..####.#.# #####.............
...# #.#.# #######.....## ...#
#.#.# #.##.## #### #.#.# #.##.#
#.#.# #.##.### #.#.# #.......
#.#.# ####.### #.#.# #.#


There were no monsters in sight!

Vanquished Creatures
  A centaur warrior (D:9)
  A two-headed ogre (D:10)
  Lodul (D:10)
  A necromancer (D:9)
  An unseen horror (D:10)
  A troll (D:7)
  A hornet (D:10)
  3 wyverns
  A basilisk (D:9)
  A vampire mosquito (D:7)
  3 steam dragons
  2 wargs (D:10)
  Duvessa (D:5)
  2 water moccasins
  2 ice beasts
  3 orc warriors
  A black bear (D:4)
  7 ogres (D:10)
  3 centaurs
  4 phantoms
  3 kobold brigands
  Blork the orc (D:5)
  4 bullfrogs
  2 scorpions (D:3)
  4 wights (D:9)
  Dowan (D:5)
  10 killer bees
  2 howler monkeys (D:7)
  3 hounds (D:6)
  A jelly (D:4)
  2 orc priests
  2 gnoll boudas
  6 iguanas
  8 orc wizards
  3 yak simulacra (D:9)
  A polar bear simulacrum (D:9)
  6 wolf simulacra (D:9)
  11 gnolls
  9 adders
  A shadow imp (D:8)
  3 white imps (D:7)
  A worm (D:2)
  3 dart slugs
  42 orcs
  6 bats
  6 endoplasms
  3 giant cockroaches
  11 goblins
  17 hobgoblins
  12 jackals (D:2)
  6 quokkas
  9 ball pythons
  A frilled lizard (D:2)
  29 kobolds
  4 rats
  A river rat simulacrum (D:9)
274 creatures vanquished.

Vanquished Creatures (others)
  A plant (D:9)
1 creature vanquished.

Grand Total: 275 creatures vanquished

Notes
Turn   | Place    | Note
-------+----------+-------------------------------------------
     0 | D:1      | scionoferis the Demonspawn Ice Elementalist began the quest
                  | for the Orb.
     0 | D:1      | Reached XP level 1. HP: 13/13 MP: 3/3
   459 | D:1      | Found a faded altar of an unknown god.
   561 | D:1      | Gained mutation: You have large cloven feet. [demonic
                  | ancestry]
   561 | D:1      | Reached XP level 2. HP: 16/19 MP: 0/5
   684 | D:1      | Reached skill level 4 in Ice Magic
   886 | D:1      | Found Vainwitu's Weapon Boutique.
  1443 | D:2      | Gained mutation: You are partially covered in icy blue
                  | scales. (AC +2) [demonic ancestry]
  1443 | D:2      | Reached XP level 3. HP: 24/24 MP: 3/6
  1736 | D:2      | Learned a level 3 spell: Frozen Ramparts
  1740 | D:2      | Learned a level 3 spell: Ozocubu's Armour
  2298 | D:2      | Gained mutation: You have hoof-like feet. [demonic
                  | ancestry]
  2298 | D:2      | Reached XP level 4. HP: 30/30 MP: 4/8
  2633 | D:3      | Reached skill level 5 in Ice Magic
  2683 | D:3      | Noticed a scorpion
  2687 | D:3      | Killed a scorpion
  2688 | D:3      | Gained mutation: You have hooves in place of feet. [demonic
                  | ancestry]
  2688 | D:3      | Reached XP level 5. HP: 34/35 MP: 2/9
  2932 | D:3      | Found an iron altar of Okawaru.
  3440 | D:3      | Gained mutation: You are mostly covered in icy blue scales.
                  | (AC +3) [demonic ancestry]
  3440 | D:3      | Reached XP level 6. HP: 28/41 MP: 8/11
  3947 | D:3      | Identified the +5 whip "Ychut" {vorpal, rCorr MP+9}
  3957 | D:3      | Reached skill level 6 in Ice Magic
  4050 | D:3      | Learned a level 4 spell: Hailstorm
  4100 | D:4      | Reached skill level 1 in Conjurations
  4234 | D:4      | Found a staircase to the Ecumenical Temple.
  4243 | Temple   | Entered the Ecumenical Temple
  4402 | Temple   | Became a worshipper of Vehumet
  4424 | D:4      | Reached XP level 7. HP: 31/46 MP: 13/13
  4860 | D:4      | Got the Incunable of Impurities and the Iceberg
  5155 | D:4      | Reached * piety under Vehumet
  5155 | D:4      | Offered knowledge of Magic Dart by Vehumet.
  5528 | D:5      | Entered Level 5 of the Dungeon
  5865 | D:5      | Found a broken altar of Ashenzari.
  5884 | D:5      | Noticed Duvessa
  5884 | D:5      | Noticed Dowan
  5954 | D:5      | Found a hide-covered altar of Uskayaw.
  6318 | D:5      | Noticed Blork the orc
  6351 | D:5      | Killed Blork the orc
  6352 | D:5      | Reached skill level 7 in Ice Magic
  6415 | D:5      | Found Koar's Distillery.
  6482 | D:5      | Killed Duvessa
  6483 | D:5      | Gained mutation: You are partially covered in sharp spines.
                  | [demonic ancestry]
  6483 | D:5      | Reached XP level 8. HP: 39/52 MP: 11/15
  6490 | D:5      | Killed Dowan
  6757 | D:6      | Reached skill level 5 in Spellcasting
  7080 | D:6      | Reached skill level 5 in Conjurations
  7124 | D:6      | Reached skill level 1 in Fighting
  7577 | D:6      | Offered knowledge of Sandblast by Vehumet.
  7580 | D:6      | Reached ** piety under Vehumet
  7771 | D:7      | Reached skill level 8 in Ice Magic
  7771 | D:7      | Gained mutation: You sometimes gain a little power by
                  | taking damage. [demonic ancestry]
  7771 | D:7      | Reached XP level 9. HP: 49/61 MP: 17/17
  8110 | D:7      | Found a sacrificial altar of Ru.
  8353 | D:7      | Noticed a troll
  8360 | D:7      | Killed a troll
  8674 | D:8      | Identified the +3 sling "Rouroimi" {venom, +Blink rElec
                  | rPois Dex-2}
  8679 | D:8      | Found Penoil's Distillery.
  9064 | D:8      | Found a shadowy altar of Dithmenos.
  9066 | D:8      | Found an opulent altar of Gozag.
  9304 | D:9      | Noticed a centaur warrior
  9315 | D:9      | Killed a centaur warrior
  9316 | D:9      | Reached skill level 9 in Ice Magic
  9316 | D:9      | Reached XP level 10. HP: 32/71 MP: 19/19
  9567 | D:9      | Found a staircase to the Lair.
  9785 | D:9      | Offered knowledge of Ignite Poison by Vehumet.
  9889 | D:9      | Found a snail-covered altar of Cheibriados.
 10119 | D:9      | Noticed a necromancer
 10123 | D:9      | Killed a necromancer
 10412 | D:9      | Reached *** piety under Vehumet
 10845 | D:10     | Entered Level 10 of the Dungeon
 11019 | D:10     | Reached skill level 1 in Shields
 11224 | D:10     | Found a staircase to the Orcish Mines.
 11350 | D:10     | Reached skill level 10 in Ice Magic
 11379 | D:10     | Offered knowledge of Conjure Flame by Vehumet.
 11403 | D:10     | Noticed Lodul
 11412 | D:10     | Reached skill level 5 in Fighting
 11412 | D:10     | Reached skill level 5 in Dodging
 11673 | D:10     | Noticed a two-headed ogre
 11692 | D:10     | Killed a two-headed ogre
 11693 | D:10     | Reached XP level 11. HP: 79/79 MP: 12/21
 11815 | D:10     | Killed Lodul
 12384 | D:$      | Got out of the dungeon alive.

Illustrated notes

Levels and vault maps discovered:
D:1:      amcnicky_arrival_wind_blow, layout_basic, serial_shops, shop,
          ebering_ecumenical_altar_rust
D:2:      layout_basic
D:3:      layout_basic, okawaru_altar_gauntlet_db,
          chequers_serial_rivers_micro_b, st_stairs_13,
          minmay_randomly_rotated_circles
D:4:      corexii_shantytown, layout_basic, minmay_temple_entry_sparse_star
D:5:      layout_basic, mainiacjoe_overflow_concentric_impassable,
          mainiacjoe_overflow_chevrons, serial_shops, nicolae_stop_n_shop_2,
          guppyfry_early_lair_pool, uniq_duvessa, uniq_blork_the_orc
D:6:      layout_basic
D:7:      minmay_slanted_spiral_squares, layout_loops_cross,
          nicolae_ru_the_path_less_chosen, mainiacjoe_overflow_brackets,
          minmay_misc_feat_alley
D:8:      layout_basic, jmf_multi_god_temple, nicolae_tso_swordbearing_angel,
          serial_shops, shop
D:9:      layout_gridville, overflow_temple_1_default, nicolae_overflow_squiral,
          dpeg_oklobed_lair, eino_house_with_fridge
D:10:     layout_irregular_city, david_orc_3, serial_column_ruins,
          column_ruins_courtyard_long, column_ruins_grid_1,
          column_ruins_open_medium, column_ruins_open_small,
          column_ruins_columns_dead_end, column_ruins_columns_straight,
          column_ruins_open_medium, column_ruins_grid_1, corexii_checkpoint_b,
          uniq_lodul
Temple:   jpeg_temple_clearing

Skill      XL: |  1  2  3  4  5  6  7  8  9 10 |
---------------+-------------------------------+-----
Ice Magic      | 4 5 6 7 8 9 10 | 10.4
Spellcasting   | 3 4 5 6 7 |  7.3
Conjurations   | 2 4 5 6 7 |  7.4
Dodging        | 2 4 5 |  5.0
Stealth        | 2 4 |  4.0
Fighting       | 2 3 5 |  5.0
Shields        | 2 |  2.5

Action                   |  1- 3 |  4- 6 |  7- 9 | 10-12 || total
-------------------------+-------+-------+-------+-------++-------
Melee: Club              |     7 |       |       |       ||     7
       Dagger            |    27 |    42 |       |       ||    69
       Kick              |     7 |    13 |    43 |    24 ||    87
       Punch             |       |     1 |     3 |       ||     4
       Whip              |       |    12 |   152 |    65 ||   229
 Fire: Sling             |       |       |    11 |    58 ||    69
 Cast: Freeze            |    41 |     3 |     1 |     1 ||    46
       Frozen Ramparts   |     6 |    20 |    43 |    23 ||    92
       Ozocubu's Armour  |       |     6 |    18 |    16 ||    40
       Hailstorm         |       |       |     6 |     8 ||    14
  Use: Potion            |       |       |     5 |     2 ||     7
       Scroll            |       |       |    10 |     2 ||    12
 Stab: Sleeping          |     4 |     4 |     8 |     1 ||    17
Armor: Robe              |    12 |    14 |    26 |       ||    52
       Steam dragon scal |       |       |    28 |    44 ||    72
Dodge: Dodged            |    27 |    32 |    72 |    60 ||   191
Block: Other             |     3 |     6 |       |       ||     9
       Reflection        |       |     2 |       |     2 ||     4
       Buckler           |       |       |       |    21 ||    21

Table legend: (Time is in decaauts)
 A = Elapsed time spent in this place.
 B = Non-inter-level travel time spent in this place.
 C = Inter-level travel time spent in this place.
 D = Time resting spent in this place.
 E = Time spent auto-exploring this place.
 F = Levels seen in this place.
 G = Mean time per level.
                   A        B        C        D        E       F      G
               +--------+--------+--------+--------+--------+-----+--------+
         Total |  12415 |  11615 |    800 |   1503 |   7828 |  11 | 1128.6 |
       Dungeon |  12240 |  11485 |    755 |   1497 |   7719 |  10 | 1224.0 |
        Temple |    174 |    129 |     45 |      6 |    109 |   1 |  174.0 |
               +--------+--------+--------+--------+--------+-----+--------+

Top non-repeatable levels by time:
     D:3: 1509 daAuts
     D:9: 1465 daAuts
     D:2: 1408 daAuts
     D:1: 1338 daAuts
    D:10: 1326 daAuts
     D:4: 1300 daAuts
     D:5: 1088 daAuts
     D:6: 1068 daAuts
     D:8: 928 daAuts
     D:7: 808 daAuts
  Temple: 174 daAuts
